 Dungeon Crawl Stone Soup version 0.29-a0-330-g52719c12eb (webtiles) character file.

Game seed: 2776246923235531099

894 Crownlay the Cleaver (level 8, -1/70 HPs)
             Began as a Hill Orc Fighter on May 12, 2022.
             Slain by a shadow (23 damage)
             ... on level 6 of the Dungeon.
             The game lasted 00:07:46 (3334 turns).

Crownlay the Cleaver (Hill Orc Fighter)             Turns: 3334, Time: 00:07:46

Health: -1/70      AC:  8    Str: 21    XL:     8   Next: 6%
Magic:  9/9        EV:  9    Int:  8    God:
Gold:   250        SH: 10    Dex: 10    Spells: 7/7 levels left

rFire   . . .      SeeInvis .   j - +1 hand axe (vorpal)
rCold   . . .      Faith    .   c - +0 buckler
rNeg    . . .      Spirit   .   b - +0 scale mail
rPois   .          Reflect  +   (no helmet)
rElec   .          Harm     .   (no cloak)
rCorr   .          Rampage  .   m - +0 pair of gloves
Will    .....                   (no boots)
Stlth   ..........              o - amulet of reflection
HPRegen 0.21/turn               l - +4 ring of slaying
MPRegen 0.11/turn               k - +4 ring of slaying

@: mighty
A: no striking features
a: no special abilities


You were on level 6 of the Dungeon.
You visited 1 branch of the dungeon, and saw 5 of its levels.

You collected 250 gold pieces.

Inventory:

Hand Weapons
 j - a +1 vorpal hand axe (weapon)
Missiles
 a - a throwing net (quivered)
Armour
 b - a +0 scale mail (worn)
 c - a +0 buckler (worn)
 m - a +0 pair of gloves (worn)
 p - a +0 pair of boots
Jewellery
 e - a ring of see invisible
 k - a +4 ring of slaying (right hand)
 l - a +4 ring of slaying (left hand)
 o - an amulet of reflection (around neck)
Scrolls
 f - a scroll of enchant weapon {unknown}
 g - a scroll of immolation {unknown}
 h - a scroll of teleportation {unknown}
 r - a scroll of enchant armour {unknown}
 s - a scroll of magic mapping {unknown}
 t - a scroll of acquirement {unknown}
 u - a scroll of blinking {unknown}
 y - a scroll of identify {unknown}
 A - a scroll of summoning {unknown}
 C - a scroll of fog {unknown}
Potions
 d - a potion of might
 i - a potion of brilliance {unknown}
 n - 2 potions of degeneration {unknown}
 q - 2 potions of ambrosia {unknown}
 v - 2 potions of resistance {unknown}
 w - a potion of berserk rage {unknown}
 x - a potion of haste {unknown}
 z - a potion of curing {unknown}
 B - a potion of heal wounds {unknown}


   Skills:
 - Level 6.0 Fighting
 * Level 9.5 Axes
 - Level 3.2 Armour
 - Level 5.0 Shields
 - Level 2.0 Invocations


You had 7 spell levels left.
You didn't know any spells.
Your spell library contained the following spells:

 Spells                   Type           Power      Damage    Failure   Level
 Magic Dart               Conj           0%         1d3       83%         1
 Searing Ray              Conj           0%         2d4       92%         2
 Ozocubu's Armour         Ice            0%         N/A       99%         3
 Fulminant Prism          Conj/Hex       0%         3d6       100%        4
 Metabolic Englaciation   Hex/Ice        0%         N/A       100%        5
 Simulacrum               Ice/Necr       0%         N/A       100%        6


Dungeon Overview and Level Annotations

Branches:
Dungeon (4/15)
 Temple: D:4-7

Altars:
Kikubaaqudgha
Wu Jian


Message History

The komodo dragon hisses angrily.
You hit the kobold brigand.
The kobold brigand is heavily wounded.
You hit the kobold brigand.
The kobold brigand is severely wounded.
The kobold brigand barely misses you.
You closely miss the kobold brigand.
The kobold brigand is severely wounded.
The kobold brigand hits you with a +2 dagger of flaming.
The kobold brigand burns you.
You barely miss the kobold brigand.
The kobold brigand is severely wounded.
You block the kobold brigand's attack.
You slash the kobold brigand!
You kill the kobold brigand!
You have reached level 8!
You feel very mighty all of a sudden. The komodo dragon bites you!
You slash the komodo dragon!
The komodo dragon is heavily wounded.
The komodo dragon bites you but does no damage.
You slash the komodo dragon!
The komodo dragon is severely wounded.
The komodo dragon bites you!
You barely miss the komodo dragon.
The komodo dragon is severely wounded.
You block the komodo dragon's attack.
The shadow slips into darkness.
The shadow flickers and vanishes!
Deactivating autopickup; reactivate with Ctrl-A.
You barely miss the komodo dragon.
The komodo dragon is severely wounded.
The komodo dragon completely misses you.
You hit the komodo dragon.
The komodo dragon is almost dead.
The komodo dragon bites you!!
You slash the komodo dragon!
You kill the komodo dragon!
The shadow strikes at you from the darkness!
You die...

.........#
#...#
.........#
#.###
##.......#
#.#
#.......#
#.#
######.##
#.# #.#
#.# #.#
#.# #.#
#.#####
#.#
#@....#
#.#
#)###.#
... .u.
#.# .#.##
...#. .# .
# #. # #


You could see a brown ugly thing.

Vanquished Creatures
  A komodo dragon (D:6)
  An orc warrior (D:6)
  A sky beast (D:3)
  A kobold brigand (D:6)
  Blork the orc (D:4)
  A necrophage (D:3)
  A scorpion (D:4)
  2 hounds
  A gnoll shaman (D:4)
  2 orc priests
  3 orc wizards
  3 gnolls (D:4)
  10 adders
  An ufetubus (D:4)
  A worm (D:4)
  3 dart slugs
  13 orcs
  7 endoplasms
  6 giant cockroaches
  6 goblins
  6 hobgoblins
  3 jackals
  6 kobolds
  2 quokkas (D:2)
  10 ball pythons
  5 bats
  2 frilled lizards (D:1)
  5 rats
104 creatures vanquished.

Notes
Turn   | Place    | Note
-------+----------+-------------------------------------------
     0 | D:1      | Crownlay the Hill Orc Fighter began the quest for the Orb.
     0 | D:1      | Reached XP level 1. HP: 19/19 MP: 1/1
   187 | D:1      | Reached skill level 3 in Axes
   204 | D:1      | Reached XP level 2. HP: 15/27 MP: 2/2
   563 | D:1      | Reached XP level 3. HP: 33/33 MP: 3/3
  1109 | D:2      | Found an ornate altar of the Wu Jian Council.
  1117 | D:2      | Reached skill level 4 in Axes
  1251 | D:2      | Reached XP level 4. HP: 39/40 MP: 4/4
  1364 | D:2      | Found a faded altar of an unknown god.
  1758 | D:3      | Noticed a sky beast
  1776 | D:3      | Killed a sky beast
  1777 | D:3      | Reached skill level 5 in Axes
  1777 | D:3      | Reached skill level 1 in Invocations
  1777 | D:3      | Reached XP level 5. HP: 47/47 MP: 4/6
  1854 | D:3      | Reached XP level 6. HP: 55/55 MP: 7/7
  2001 | D:3      | Reached skill level 5 in Fighting
  2001 | D:3      | Reached skill level 6 in Axes
  2219 | D:3      | Found an ancient bone altar of Kikubaaqudgha.
  2535 | D:4      | Reached skill level 5 in Shields
  2535 | D:4      | Reached XP level 7. HP: 57/61 MP: 8/8
  2612 | D:4      | Reached skill level 7 in Axes
  2710 | D:4      | Noticed Blork the orc
  2718 | D:4      | Killed Blork the orc
  3017 | D:4      | You fall into a shaft and drop 2 floors!
  3023 | D:6      | Reached skill level 8 in Axes
  3133 | D:6      | Reached skill level 9 in Axes
  3320 | D:6      | Noticed a brown ugly thing
  3321 | D:6      | Noticed a shadow
  3322 | D:6      | Noticed a komodo dragon
  3328 | D:6      | Reached XP level 8. HP: 68/70 MP: 9/9
  3334 | D:6      | Killed a komodo dragon
  3334 | D:6      | Slain by a shadow

Illustrated notes

Levels and vault maps discovered:
D:1:      minmay_arrival_widening_spiral_wide, layout_loops_corners,
          minmay_vboxes
D:2:      layout_basic, basic_altar, shapermc_ecumenical_altar_acropolis
D:3:      layout_basic, general_overflow_altar, minmay_snake_closets
D:4:      layout_loops_ring, mainiacjoe_overflow_swirl,
          minmay_temple_entry_hall, dk_noncrumbling_2, minmay_tree_intersection,
          kennysheep_another_room, uniq_natasha, uniq_pikel, uniq_blork_the_orc
D:6:      layout_loops_ring, kennysheep_nondescript, minmay_manual_mess

Skill      XL: |  1  2  3  4  5  6  7 |
---------------+----------------------+-----
Axes           | 3 4 5 6 9 |  9.5
Fighting       | 4 5 6 |  6.0
Shields        | 4 5 |  5.0
Invocations    | 1 2 |  2.0
Armour         | |  3.2

Action                   |  1- 3 |  4- 6 |  7- 9 || total
-------------------------+-------+-------+-------++-------
Melee: War axe           |    88 |   103 |    41 ||   232
       Hand axe          |       |       |    13 ||    13
Throw: Throwing net      |       |       |     3 ||     3
  Use: Potion            |       |       |     1 ||     1
Armor: Scale mail        |    46 |    39 |    13 ||    98
Dodge: Dodged            |    53 |    38 |    11 ||   102
Block: Buckler           |    23 |    41 |    21 ||    85
       Reflection        |       |     2 |     1 ||     3

Table legend: (Time is in decaauts)
 A = Elapsed time spent in this place.
 B = Non-inter-level travel time spent in this place.
 C = Inter-level travel time spent in this place.
 D = Time resting spent in this place.
 E = Time spent auto-exploring this place.
 F = Levels seen in this place.
 G = Mean time per level.
                   A        B        C        D        E       F      G
               +--------+--------+--------+--------+--------+-----+--------+
         Total |   3392 |   3328 |     64 |      0 |   2691 |   5 |  678.4 |
       Dungeon |   3392 |   3328 |     64 |      0 |   2691 |   5 |  678.4 |
               +--------+--------+--------+--------+--------+-----+--------+

Top non-repeatable levels by time:
     D:1: 1105 daAuts
     D:3: 734 daAuts
     D:2: 644 daAuts
     D:4: 591 daAuts
     D:6: 317 daAuts
